 Dungeon Crawl Stone Soup version 0.31-a0-1278-g11c5b68f87 (webtiles) character file.

Game seed: 14494100456567283090

1638 Armakuni the Conjurer (level 8, 0/54 HPs)
             Began as a Human Artificer on Dec 17, 2023.
             Shot with an arrow by a centaur (6 damage)
             ... on level 7 of the Dungeon.
             The game lasted 00:22:44 (5934 turns).

Armakuni the Conjurer (Human Artificer)             Turns: 5934, Time: 00:22:45

Health: 0/54       AC:  5    Str: 12    XL:     8   Next: 98%
Magic:  14/14      EV: 11    Int: 24    God:
Gold:   190        SH:  0    Dex: 14    Spells: 10/15 levels left

rFire   . . .        a - +5 hand axe of Noeps {venom, rCorr Int+4}
rCold   . . .        (no shield)
rNeg    . . .        f - +0 leather armour
rPois   +            t - +1 helmet
rElec   .            (no cloak)
rCorr   +            (no gloves)
SInv    .            (no boots)
Will    .....        (no amulet)
Stlth   +            P - ring of poison resistance
HPRegen 0.29/turn    I - +6 ring of intelligence
MPRegen 0.14/turn

%: no passive effects
@: no status effects
A: explore regen
a: no special abilities


You were on level 7 of the Dungeon.
You visited 1 branch of the dungeon, and saw 7 of its levels.

You collected 305 gold pieces.
You spent 115 gold pieces at shops.

Inventory:

Hand Weapons
 a - the +5 hand axe of Noeps (weapon) {venom, rCorr Int+4}
   (You found it on level 5 of the Dungeon)

   Int+4:     It affects your intelligence (+4).
   rCorr:     It protects you from acid and corrosion.
 b - a +0 flail
 w - a +2 dagger of venom
Missiles
 n - 2 curare-tipped darts
Armour
 f - a +0 leather armour (worn)
 m - a +0 ring mail
 t - a +1 helmet (worn)
Jewellery
 x - an amulet of faith
 A - a +4 ring of protection
 G - an amulet of guardian spirit
 I - a +6 ring of intelligence (right hand)
 P - a ring of poison resistance (left hand)
Wands
 j - a wand of iceblast (3)
 p - a wand of polymorph (3)
 r - a wand of roots (2)
Scrolls
 i - a scroll of noise
 l - 5 scrolls of teleportation
 s - 2 scrolls of vulnerability
 u - a scroll of torment
 y - a scroll of immolation
Potions
 d - 2 potions of might
 e - 2 potions of curing {unknown}
 g - a potion of haste {unknown}
 h - a potion of heal wounds
 k - a potion of lignification {unknown}
 o - a potion of experience {unknown}
 q - a potion of magic {unknown}
 z - a potion of resistance {unknown}
 B - a potion of brilliance {unknown}
 X - 2 potions of mutation


   Skills:
 - Level 1.0 Fighting
 - Level 2.0 Axes
 - Level 2.0 Armour
 - Level 1.0 Dodging
 - Level 1.0 Stealth
 - Level 4.0 Spellcasting
 + Level 7.8 Conjurations
 - Level 4.0 Fire Magic
 - Level 1.0 Air Magic
 - Level 4.7 Evocations


You had 10 spell levels left.
You knew the following spells:

 Your Spells              Type           Power      Damage    Failure   Level
s - Sticky Flame          Conj/Fire      33%        2d5       11%         4
z - Shock                 Conj/Air       100%       1d9       1%          1

Your spell library contained the following spells:

 Spells                   Type           Power      Damage    Failure   Level
 Dazzling Flash           Conj/Hex       46%        N/A       8%          3
 Flame Wave               Conj/Fire      33%        2d10      11%         4
 Slow                     Hex            16%        N/A       12%         1
 Summon Small Mammal      Summ           16%        N/A       12%         1
 Inner Flame              Hex/Fire       14%        N/A       16%         3
 Gell's Gravitas          Tloc           4%         N/A       36%         3
 Teleport Other           Tloc           4%         N/A       36%         3
 Silence                  Hex/Air        3%         N/A       95%         5
 Agony                    Necr           4%         N/A       98%         5
 Dispersal                Tloc           2%         N/A       100%        6


Dungeon Overview and Level Annotations

Branches:
Dungeon (7/15)
 Temple: D:4-7

Altars:
Cheibriados
Elyvilon
Fedhas
Gozag
Kikubaaqudgha
Trog
Zin

Shops:
D:3 !?=   D:5 :

Annotations:
D:6 exclusion: downstairs


Innate Abilities, Weirdness & Mutations

You regain HP and MP as you explore.


Message History

A centaur comes into view.
Aiming: Shock (safe; 1% risk of failure)
Press: ? - help, Q - select action, (/) - cycle Shift-Dir - straight line, f - centaur
Aim: a centaur (asleep, 100% to hit)
The zap hits the centaur.
The centaur is lightly wounded.
The centaur shouts!
The centaur wields a +0 shortbow.
The centaur shoots an arrow.
The arrow hits you.
The centaur shoots an arrow.
The arrow hits you!
You start resting.
The centaur shoots an arrow.
The arrow hits you!
Aiming: Charm
Press: ? - help, Shift-Dir - straight line, f/p - centaur
Aim: a centaur, wielding a +0 shortbow (lightly wounded, chance to affect: 61%)
The centaur resists with significant effort.
The now-empty wand crumbles to dust.
The centaur shoots an arrow.
The arrow completely misses you.
Aiming: Fastroot
Press: ? - help, Shift-Dir - straight line, p - centaur The roots erupt in riotous growth!
Roots grab the centaur.
The grasping roots constrict the centaur.
The centaur shoots an arrow.
The arrow hits you.
The centaur shoots an arrow.
The arrow barely misses you.
The roots lose their grip on something.
The centaur shoots an arrow.
The arrow barely misses you.
Aiming: Fastroot
Press: ? - help, Shift-Dir - straight line The roots erupt in riotous growth!
Roots grab the centaur.
The grasping roots constrict the centaur.
The centaur shoots an arrow.
The arrow hits you!
The grasping roots constrict the centaur.
The centaur shoots an arrow.
The arrow hits you!
* * * LOW HITPOINT WARNING * * *
The centaur shoots an arrow.
The arrow hits you.
* * * LOW HITPOINT WARNING * * *
The roots lose their grip on something.
The centaur shoots an arrow.
The arrow hits you.
You die...

#...#.#
.######.####.# ..c#.#
.......).....#
####....#
#######.######
...c....# #.# ......#
#.# ####....# #.#
...'....# #.#
####....###########.#
#..(.....c......@.#.#
..#####..########.#.#
...................#
#########.####...###
#.....##...#
#.#.#.#....#
#.#>.......#
#.#.#.##...#
#.#.#.###.##


You could see a centaur.

Vanquished Creatures
  A two-headed ogre (D:7)
  2 sky beasts
  2 black bears
  An ogre (D:6)
  2 killer bees (D:5)
  A hound (D:5)
  An orc priest (D:3)
  A sleepcap (D:6)
  3 iguanas
  4 orc wizards
  5 gnolls
  4 adders
  3 white imps
  2 ufetubi (D:3)
  3 worms
  2 dart slugs
  10 orcs
  5 endoplasms
  4 giant cockroaches
  5 goblins
  6 hobgoblins
  3 jackals (D:2)
  6 quokkas
  7 ball pythons
  12 bats
  6 frilled lizards
  4 kobolds
  7 rats
112 creatures vanquished.

Vanquished Creatures (collateral kills)
  A killer bee (D:5)
  3 gnolls (D:4)
  An orc (D:3)
5 creatures vanquished.

Vanquished Creatures (others)
  3 killer bees (D:5)
  A jelly (D:7)
  A gnoll bouda (D:4)
  A gnoll (D:4)
  An orc (D:3)
7 creatures vanquished.

Grand Total: 124 creatures vanquished

Notes
Turn   | Place    | Note
-------+----------+-------------------------------------------
     0 | D:1      | Armakuni the Human Artificer began the quest for the Orb.
     0 | D:1      | Reached XP level 1. HP: 15/15 MP: 1/1
   100 | D:1      | Reached XP level 2. HP: 20/21 MP: 2/2
   247 | D:1      | Reached XP level 3. HP: 26/26 MP: 3/3
   739 | D:2      | Found an ancient bone altar of Kikubaaqudgha.
   833 | D:2      | Reached XP level 4. HP: 12/32 MP: 4/4
   838 | D:2      | Learned a level 4 spell: Sticky Flame
  1412 | D:3      | Reached skill level 1 in Spellcasting
  1414 | D:3      | Found Sietug's Magic Scroll Shop.
  1423 | D:3      | Bought a scroll of teleportation for 39 gold pieces
  1423 | D:3      | Bought a scroll of identify for 26 gold pieces
  1481 | D:3      | Reached skill level 1 in Conjurations
  1481 | D:3      | Reached skill level 1 in Fire Magic
  1503 | D:3      | Reached XP level 5. HP: 37/37 MP: 6/6
  1599 | D:3      | Found Xagrump's Distillery.
  1610 | D:3      | Bought a potion of heal wounds for 50 gold pieces
  1787 | D:3      | Reached skill level 2 in Conjurations
  2268 | D:3      | Found Epefigie's Jewellery Shop.
  2573 | D:4      | Got Witchcraft for Apprentices
  2576 | D:4      | Learned a level 1 spell: Shock
  2713 | D:4      | Reached XP level 6. HP: 33/43 MP: 1/7
  2767 | D:4      | Reached skill level 1 in Air Magic
  3008 | D:4      | Found a snail-covered altar of Cheibriados.
  3009 | D:4      | Found a glowing silver altar of Zin.
  3427 | D:5      | Entered Level 5 of the Dungeon
  3516 | D:5      | Reached skill level 3 in Conjurations
  3944 | D:5      | Noticed a black bear
  3957 | D:5      | Killed a black bear
  3958 | D:5      | Reached XP level 7. HP: 11/48 MP: 2/8
  4114 | D:5      | Found Extodd's Book Shoppe.
  4133 | D:5      | Found a blossoming altar of Fedhas.
  4182 | D:5      | Found a white marble altar of Elyvilon.
  4186 | D:5      | Upgraded the game from 0.31-a0-1265-gaa4636e842 to
                  | 0.31-a0-1278-g11c5b68f87
  4322 | D:5      | Identified the +5 hand axe of Noeps {venom, rCorr Int+4}
  4413 | D:5      | Reached skill level 4 in Conjurations
  4562 | D:6      | Found an opulent altar of Gozag.
  4562 | D:6      | Found an opulent altar of Gozag.
  4565 | D:6      | Found an opulent altar of Gozag.
  4574 | D:6      | Found an opulent altar of Gozag.
  4600 | D:6      | Reached skill level 1 in Axes
  5017 | D:6      | Reached XP level 8. HP: 45/54 MP: 4/12
  5105 | D:6      | Reached skill level 5 in Conjurations
  5537 | D:7      | Noticed a two-headed ogre
  5641 | D:7      | Killed a two-headed ogre
  5642 | D:7      | Reached skill level 7 in Conjurations
  5856 | D:7      | Found a bloodstained altar of Trog.
  5934 | D:7      | Shot with an arrow by a centaur

Illustrated notes

Levels and vault maps discovered:
D:1:      nzn_arrival_water_spiral, layout_basic
D:2:      layout_rooms, basic_altar
D:3:      layout_basic, serial_shops, shop, shop, shop
D:4:      layout_basic, amethyst_overflow_temple_binary
D:5:      layout_loops_ring, minitemple, serial_shops, shop,
          lemuel_flamethrower_2
D:6:      layout_rooms, nicolae_gozag_conspicuous_consumption,
          serial_library_hellmonk_filled_rooms, hangedman_decor_growths,
          st_stairs_5
D:7:      layout_basic, trog_book, minmay_temple_entry_statues_pillars,
          enter_ossuary_5

Skill      XL: |  1  2  3  4  5  6  7  8 |
---------------+-------------------------+-----
Evocations     | 4 |  4.7
Spellcasting   | 1 3 4 |  4.0
Conjurations   | 1 2 3 4 7 |  7.8
Fire Magic     | 1 2 3 4 |  4.0
Air Magic      | 1 |  1.0
Axes           | 2 |  2.0
Fighting       | |  1.0
Armour         | |  2.0
Dodging        | |  1.0
Stealth        | |  1.0

Action                     |  1- 3 |  4- 6 |  7- 9 || total
---------------------------+-------+-------+-------++-------
  Melee: Club              |     4 |       |       ||     4
         Dagger            |       |    85 |       ||    85
         Punch             |       |     1 |       ||     1
         Hand axe          |       |       |    63 ||    63
   Fire: Sling             |   147 |    81 |       ||   228
   Cast: Shock             |       |    25 |    22 ||    47
  Evoke: Wand              |     7 |    21 |    11 ||    39
    Use: Scroll            |       |     6 |     5 ||    11
         Potion            |       |       |     2 ||     2
   Stab: Sleeping          |       |     2 |       ||     2
 Armour: Leather armour    |    79 |   115 |    71 ||   265
  Dodge: Dodged            |    59 |   101 |    44 ||   204

Table legend: (Time is in decaauts)
 A = Elapsed time spent in this place.
 B = Non-inter-level travel time spent in this place.
 C = Inter-level travel time spent in this place.
 D = Time resting spent in this place.
 E = Time spent auto-exploring this place.
 F = Levels seen in this place.
 G = Mean time per level.
                   A        B        C        D        E       F      G
               +--------+--------+--------+--------+--------+-----+--------+
         Total |   6046 |   5894 |    152 |   1019 |   3491 |   7 |  863.7 |
       Dungeon |   6046 |   5894 |    152 |   1019 |   3491 |   7 |  863.7 |
               +--------+--------+--------+--------+--------+-----+--------+

Top non-repeatable levels by time:
     D:5: 1137 daAuts
     D:3: 1114 daAuts
     D:4: 1045 daAuts
     D:6: 1010 daAuts
     D:1: 730 daAuts
     D:2: 634 daAuts
     D:7: 373 daAuts
